 Dungeon Crawl Stone Soup version 0.25.1-2-g60ff931df9 (webtiles) character file.

Game seed: 5101167551835324281

80 Neonpingvin the Slasher (level 4, -1/28 HPs)
             Began as a Tengu Berserker on Nov 18, 2020.
             Was a Believer of Trog.
             Slain by a goblin
             ... wielding a +0 short sword
              (6 damage)
             ... on level 3 of the Dungeon.
             The game lasted 00:14:32 (1578 turns).

Neonpingvin the Slasher (Tengu Berserker)           Turns: 1578, Time: 00:14:32

Health: -1/28      AC:  3    Str: 19    XL:     4   Next: 39%
Magic:  5/5        EV: 13    Int:  7    God:    Trog [**....]
Gold:   137        SH:  0    Dex: 13    Spells: 3/3 levels left

rFire    . . .     SeeInvis .   a - +0 falchion
rCold    . . .     Gourm    .   (no shield)
rNeg     . . .     Faith    .   b - +1 animal skin
rPois    .         Spirit   .   (helmet restricted)
rElec    .         Reflect  .   (no cloak)
rCorr    .         Harm     .   (no gloves)
MR       .....                  (boots unavailable)
Stlth    ++........             (no amulet)
HPRegen  0.09/turn              (no ring)
MPRegen  0.09/turn              (no ring)

@: no status effects
A: beak, talons 3
a: Berserk, Trog's Hand, Renounce Religion


You were on level 3 of the Dungeon.
You worshipped Trog.
Trog was pleased with you.
You were not hungry.

You visited 1 branch of the dungeon, and saw 3 of its levels.

You collected 137 gold pieces.

Inventory:

Hand Weapons
 a - a +0 falchion (weapon)
 h - a cursed +0 scimitar
 j - a +0 hunting sling
 l - a +2 vorpal mace
Missiles
 f - 51 sling bullets
 g - 55 stones (quivered)
 i - 15 poisoned darts
 k - 5 curare-tipped darts
Armour
 b - a +1 animal skin (worn)
Scrolls
 d - 2 scrolls of teleportation
 o - a scroll of remove curse
Potions
 e - 2 potions of curing
 m - 2 potions of mutation {unknown}
 n - 2 potions of heal wounds {unknown}
Comestibles
 c - 6 rations


   Skills:
 + Level 3.4 Fighting
 + Level 4.4 Long Blades
 + Level 2.5 Armour
 + Level 3.0 Dodging
 + Level 0.7 Stealth


You had 3 spell levels left.
You didn't know any spells.
Your spell library contained the following spells:

 Spells                   Type           Power        Failure   Level  Hunger
 Animate Skeleton         Necr           N/A          43%         1    ##.....
 Apportation              Tloc           #.....       43%         1    ##.....
 Corona                   Hex            #......      43%         1    ##.....
 Summon Small Mammal      Summ           #...         43%         1    ##.....


Dungeon Overview and Level Annotations

Branches:
Dungeon (3/15)

Altars:
Uskayaw


Innate Abilities, Weirdness & Mutations

You have a beak for a mouth.
You have claws for feet.


Message History

The orc closely misses you. The orc closely misses you. The orc misses you.
The orc hits you with a +0 mace.
* * * LOW HITPOINT WARNING * * *
The orc hits you with a cursed -3 club.
* * * LOW HITPOINT WARNING * * *
You slash the hobgoblin!
You kill the hobgoblin!
Trog accepts your kill. The orc closely misses you.
The orc hits you but does no damage.
You slash the orc!
You kill the orc!
Trog accepts your kill.
The orc misses you. x2; The goblin shoots a stone.
The stone misses you. The orc hits you with a +0 mace.
* * * LOW HITPOINT WARNING * * *
The orc hits you but does no damage.
The goblin unwields a +0 hunting sling.
The goblin wields a +0 short sword.
The goblin hits you with a +0 short sword.
You die...

......<......#
...............#
.........(.....#
..........<.((.#
...............#
..........)....#
..........†(...#
.....(..†.†....#
......(.o@o....#
.........g.....#
......).(......#
.......)$......#
...............#
...............#
...............#
........!......#
...............#


You could see 2 orcs and a goblin.

Vanquished Creatures
  An adder (D:3)
  A worm (D:2)
  3 dart slugs (D:1)
  A leopard gecko (D:1)
  3 orcs (D:3)
  5 giant cockroaches
  7 goblins
  9 hobgoblins
  9 kobolds
  A quokka (D:3)
  6 bats
  2 frilled lizards (D:1)
  4 rats
52 creatures vanquished.

Notes
Turn   | Place    | Note
-------+----------+-------------------------------------------
     0 | D:1      | Neonpingvin the Tengu Berserker began the quest for the
                  | Orb.
     0 | D:1      | Reached XP level 1. HP: 14/14 MP: 2/2
   140 | D:1      | Reached XP level 2. HP: 14/19 MP: 3/3
   652 | D:1      | Reached XP level 3. HP: 23/23 MP: 4/4
   655 | D:1      | Reached ** piety under Trog
   998 | D:2      | Reached skill level 4 in Long Blades
  1224 | D:2      | Found a hide-covered altar of Uskayaw.
  1225 | D:2      | Noticed a +0 hand axe
  1226 | D:2      | Noticed a +0 hand axe
  1517 | D:3      | Reached XP level 4. HP: 18/28 MP: 5/5
  1578 | D:3      | Slain by a goblin

Illustrated notes

Levels and vault maps discovered:
D:1:      dpeg_chamrin_arrival_tetris, layout_basic, minmay_hedge_maze
D:2:      layout_loops_cross, dancing_weapons_uskayaw, first_ration
D:3:      kennysheep_big_flooded_room, layout_basic, nemelex_altar_shiori

Skill      XL: |  1  2  3  4 |
---------------+-------------+-----
Long Blades    | 4 |  4.4
Dodging        | 3 |  3.0
Fighting       | |  3.4
Armour         | |  2.5
Stealth        | |  0.7

Action                   |  1- 3 |  4- 6 || total
-------------------------+-------+-------++-------
Melee: Falchion          |    93 |     8 ||   101
       Kick              |    28 |     4 ||    32
       Peck              |    15 |     2 ||    17
Throw: Stone             |     1 |     1 ||     2
  Use: Scroll            |     6 |       ||     6
  Eat: Ration            |     1 |       ||     1
Armor: Animal skin       |    28 |     5 ||    33
Dodge: Dodged            |    73 |    21 ||    94
       Rpst.: Falchion   |    20 |     4 ||    24
